 Dungeon Crawl Stone Soup version 0.18-a0-1405-g73f4075 (webtiles) character file.

46 namelastname112 the Conjurer (level 3, -7/23 HPs)
             Began as a Draconian Conjurer on Feb 24, 2016.
             Mangled by Sigmund
             ... wielding a +2 scythe of freezing
              (13 damage)
             ... on level 2 of the Dungeon.
             The game lasted 00:02:42 (1475 turns).

namelastname112 the Conjurer (Draconian Conjurer)   Turns: 1475, Time: 00:02:42

Health: -7/23      AC:  5    Str: 10    XL:     3   Next: 46%
Magic:  5/7        EV: 17    Int: 16    God:
Gold:   50         SH:  0    Dex: 16    Spells: 2 memorised, 4 levels left

rFire  . . .     SeeInvis +     c - +0 spear
rCold  . . .     Gourm    .     (armour unavailable)
rNeg   . . .     Faith    .     (no shield)
rPois  .         Spirit   .     (helmet restricted)
rElec  .         Dismiss  .     (no cloak)
rCorr  .         Reflect  .     (no gloves)
SustAt .         Harm     .     (no boots)
MR     .....                    (no amulet)
Stlth  ++........               (no ring)
                                i - ring of see invisible

@: confused, agile, not resistant to hostile enchantments, unstealthy
A: unfitting armour, blurry vision 1, frail 1, cold-blooded, AC +5
a: no special abilities


You were on level 2 of the Dungeon.
You were very hungry.

You visited 1 branch of the dungeon, and saw 2 of its levels.

You collected 50 gold pieces.

Inventory:

Hand Weapons
 c - a +0 spear (weapon)
Jewellery
 i - a ring of see invisible (left hand)
Scrolls
 d - a scroll of amnesia {unknown}
 e - 2 scrolls of teleportation {unknown}
 k - a scroll of identify {unknown}
 l - a scroll of magic mapping {unknown}
Books
 a - a book of Conjurations

   Spells                             Type                      Level
   a - Magic Dart                     Conjuration                  1
   b - Searing Ray                    Conjuration                  2
   c - Dazzling Spray                 Conjuration/Hexes            3
   d - Fulminant Prism                Conjuration/Hexes            4
   e - Iskenderun's Mystic Blast      Conjuration                  4
   f - Iskenderun's Battlesphere      Conjuration/Charms           5
Comestibles
 b - 2 bread rations
 g - 2 beef jerkies
 j - a meat ration


   Skills:
 - Level 1.7 Dodging
 - Level 1.7 Stealth
 + Level 2.9 Spellcasting
 + Level 4.7 Conjurations


You had 4 spell levels left.
You knew the following spells:

 Your Spells              Type           Power        Failure   Level  Hunger
x - Searing Ray           Conj           ###...       6%          2    ##.....
z - Magic Dart            Conj           ###.         3%          1    #......


Dungeon Overview and Level Annotations

Branches:
Dungeon (2/15)

Altars:
Nemelex Xobeh
Qazlal

Annotations:
D:2 Sigmund


Innate Abilities, Weirdness & Mutations

Your plain brown scales are hard (AC +5).
Your body does not fit into most forms of armour.
You are cold-blooded and may be slowed by cold attacks.
Scrolls take you a little longer to read.
You are frail (-10% HP).


Message History

The stone completely misses you.
You see here a stone.
The goblin shoots a stone.
The stone misses Sigmund.
The stone barely misses you.
You see here a stone.
You bump into the rock wall.
The goblin shoots a stone.
The stone hits Sigmund.
The goblin shoots a stone.
The stone misses Sigmund.
The stone completely misses you.
Sigmund hits you with a scythe of freezing.
Sigmund freezes you.
* * * LOW HITPOINT WARNING * * *
You feel yourself slow down.
You see here a stone.
You bump into the rock wall.
The goblin shoots a stone.
The stone hits Sigmund.
Sigmund misses you.
Unknown command.
You feel yourself speed up.
Sigmund hits you from afar with a scythe of freezing!
Ouch! That really hurt!
You die...

#.####.#.....#.....##.####
# #.# #.........#.#.##.# #
##.# ###.....#......#.# #
.#.## ##...##.#.#....# #
..#.#######.###.....##.# #
.###........# ##.#####.#
..#.######### #.# #.#
.#.## #.# #.# .#.# #@# #.#
.#.# ######(####### ...##
#....((@(((.# ....#
#.####.####g# ###†# #.#
#..# #.'.⌠...⌠ #.# #.#
##.# ###(.._.. #.#######.#
#.# .g.... #.........# #.#
..8.. ###############.#
#...#


You could see Sigmund (invisible).

Vanquished Creatures
  2 worms (D:2)
  3 dart slugs
  2 giant geckos
  3 bats
  2 giant cockroaches (D:1)
  5 hobgoblins
  2 jackals (D:2)
  A ball python (D:1)
  2 giant newts
  2 goblins
  5 kobolds
  4 rats
33 creatures vanquished.

Notes
Turn   | Place    | Note
--------------------------------------------------------------
     0 | D:1      | namelastname112 the Draconian Conjurer began the quest for the Orb.
     0 | D:1      | Reached XP level 1. HP: 14/14 MP: 3/3
   246 | D:1      | Reached XP level 2. HP: 20/20 MP: 1/5
   269 | D:1      | Learned a level 2 spell: Searing Ray
   818 | D:2      | Reached XP level 3. HP: 26/26 MP: 0/7
  1228 | D:2      | Found a stormy altar of Qazlal.
  1457 | D:2      | Found a sparkling altar of Nemelex Xobeh.
  1457 | D:2      | Noticed Sigmund
  1462 | D:2      | Gained mutation: You are frail (-10% HP). [potion of mutation]
  1462 | D:2      | Gained mutation: Scrolls take you a little longer to read. [potion of mutation]
  1475 | D:2      | Mangled by Sigmund

Vault maps used:
D:1:      lemuel_arrival_hallway
D:2:      grunt_temple_overflow_opulence, lemuel_crystal_altar,
          serial_bayou_pond_e, glass_columns_a, uniq_sigmund

Action                   || total
-------------------------++-------
Melee: Spear             ||    69
 Cast: Magic Dart        ||    56
       Searing Ray       ||     1
  Use: Potion            ||     2
 Stab: Sleeping          ||     2
  Eat: Chunk             ||     1
